 Dungeon Crawl Stone Soup version 0.29-a0-841-g116ddc6ace (webtiles) character file.

Game seed: 17166233132856089980

169245 Turgor the Thaumaturge (level 17, -7/196 HPs)
             Began as a Demonspawn Necromancer on July 12, 2022.
             Was the Champion of Jiyva.
             Mangled by a ghost moth (14 damage)
             ... on level 4 of the Spider Nest on July 14, 2022.
             The game lasted 04:06:23 (21996 turns).

Turgor the Thaumaturge (Demonspawn Necromancer)    Turns: 21996, Time: 04:06:24

Health: -7/196     AC:  9    Str: 17      XL:     17   Next: 10%
Magic:  1/35       EV: 15    Int: 18 (22) God:    Jiyva [******]
Gold:   1107       SH:  5    Dex: 21      Spells: 6/44 levels left

rFire   + + +      SeeInvis .   I - +9 broad axe (freeze)
rCold   + . .      Faith    .   (no shield)
rNeg    + + .      Spirit   .   k - +2 robe of the Devil's Advocate {rElec rN++ Regen+ Dex+3}
rPois   .          Reflect  +   H - +2 hat
rElec   +          Harm     .   W - scarf {rC+ rF+}
rCorr   +          Rampage  .   (no gloves)
Will    ++...      Clarity  +   (no boots)
Stlth   ..........              h - amulet of reflection
HPRegen 2.82/turn               S - ring of wizardry
MPRegen 0.74/turn               M - +6 ring of intelligence

@: berserking, slowed
A: slimy green scales 2, ignite blood 2, powered by death 2, demonic touch 2,
horns 1, talons 2, agile 1, clarity, fire resistance 3, strong-willed 1,
mutation resistance 1, strong 1, wild magic 1, acidic bite, translucent skin 1,
tendrils, jelly sensing items
}: 1/15 runes: slimy
a: Renounce Religion, Oozemancy, Slimify


You were on level 4 of the Spider Nest.
You worshipped Jiyva.
Jiyva was exalted by your worship.
You visited 5 branches of the dungeon, and saw 31 of its levels.
You also visited: Sewer.

You collected 2150 gold pieces.
You spent 1043 gold pieces at shops.

Inventory:

Hand Weapons
 p - the +7 spear of Inoatuy {flame, rPois Int+7}
   (You found it on level 3 of the Spider Nest)

   It burns those it strikes, dealing additional fire damage.
   Int:       It affects your intelligence (+7).
   rPois:     It protects you from poison.
 I - a +9 broad axe of freezing (weapon)
 R - the +7 trident of the Grave {speed, Will- Str+8 Int-3 Dex+3}
   (You found it on level 3 of the Lair of Beasts)

   Attacks with this weapon are significantly faster.
   Str:       It affects your strength (+8).
   Int:       It affects your intelligence (-3).
   Dex:       It affects your dexterity (+3).
   Will:      It decreases your willpower.
Missiles
 j - 4 curare-tipped darts (quivered)
Armour
 a - a +3 ring mail of cold resistance
 k - the +2 robe of the Devil's Advocate (worn) {rElec rN++ Regen+ Dex+3}
   (You took it off a necromancer on level 6 of the Lair of Beasts)

   Dex:       It affects your dexterity (+3).
   rElec:     It insulates you from electricity.
   rN:        It greatly protects you from negative energy.
   Regen:     It increases your rate of health regeneration.
 z - a +0 buckler
 H - a +2 hat (worn)
 W - a scarf of resistance (worn)
 Y - an orb of energy
Magical Staves
 T - a staff of death
 V - a staff of cold
Jewellery
 h - an amulet of reflection (around neck)
 m - a ring of poison resistance
 s - the ring "Baneg" {rC+ Dex+6}
   (You found it on level 5 of the Pits of Slime)

   [ring of dexterity]

   Dex:       It affects your dexterity (+6).
   rC:        It protects you from cold.
 M - a +6 ring of intelligence (right hand)
 O - a ring of flight
 S - a ring of wizardry (left hand)
 U - a ring of positive energy
Wands
 e - a wand of mindburst (19)
 G - a wand of acid (3)
 L - a wand of iceblast (5)
 Z - a wand of flame (20)
Scrolls
 c - 2 scrolls of enchant armour
 d - 3 scrolls of blinking
 i - 3 scrolls of amnesia
 n - 4 scrolls of immolation
 q - a scroll of acquirement
 r - 3 scrolls of vulnerability
 v - 2 scrolls of poison
 y - 2 scrolls of silence
 B - a scroll of enchant weapon
 D - 4 scrolls of brand weapon
 E - 3 scrolls of fog
 K - 2 scrolls of torment
 N - 13 scrolls of teleportation
 Q - 2 scrolls of magic mapping
Potions
 b - 4 potions of magic
 g - 2 potions of brilliance
 o - 2 potions of lignification
 t - a potion of haste
 u - 6 potions of heal wounds
 w - 2 potions of might
 x - 2 potions of invisibility
 A - 2 potions of cancellation
 C - a potion of berserk rage
 F - 8 potions of curing
 J - 4 potions of mutation
 P - 2 potions of ambrosia
 X - a potion of resistance
Miscellaneous
 f - a phial of floods (inert)
 l - a box of beasts (inert)


   Skills:
 + Level 11.2 Fighting
 + Level 10.6 Axes
 + Level 4.6 Armour
 + Level 5.3 Dodging
 - Level 2.0 Stealth
 + Level 14.2 Spellcasting
 - Level 13.0 Conjurations
 * Level 3.1 Summonings
 * Level 12.8 Necromancy
 * Level 4.9 Translocations
 * Level 7.8 Earth Magic


You had 6 spell levels left.
You knew the following spells:

 Your Spells              Type           Power      Damage    Failure   Level
a - Necrotise             Necr           100%       1d9       1%          1
b - Poisonous Vapours     Pois/Air       32%        N/A       4%          2
c - Searing Ray           Conj           100%       2d8       1%          2
d - Vampiric Draining     Necr           67%        2d10      1%          3
e - Animate Dead          Necr           67%        N/A       1%          4
f - Fulminant Prism       Conj/Hex       23%        3d13      2%          4
g - Iskenderun's Mystic   Conj/Tloc      55%        2d12      1%          4
h - Blink                 Tloc           78%        N/A       1%          2
i - Borgnjor's Vile Clut  Necr/Erth      30%        N/A       1%          5
j - Apportation           Tloc           78%        N/A       1%          1
k - Manifold Assault      Tloc           39%        N/A       11%         5
l - Summon Forest         Summ/Tloc      17%        N/A       14%         5

Your spell library contained the following spells:

 Spells                   Type           Power      Damage    Failure   Level
 Magic Dart               Conj           100%       1d8       1%          1
 Sandblast                Erth           100%       2d20      1%          1
 Summon Small Mammal      Summ           100%       N/A       1%          1
 Passwall                 Tmut/Erth      28%        N/A       1%          2
 Static Discharge         Conj/Air       47%        3-9/arc   1%          2
 Conjure Flame            Conj/Fire      47%        6-21      1%          3
 Dazzling Flash           Conj/Hex       94%        N/A       1%          3
 Lesser Beckoning         Tloc           39%        N/A       1%          3
 Stone Arrow              Conj/Erth      100%       3d13      1%          3
 Dispel Undead            Necr           67%        3d23      1%          4
 Agony                    Necr           67%        N/A       1%          5
 Flame Wave               Conj/Fire      47%        2d10      2%          4
 Sticky Flame             Conj/Fire      47%        2d6       2%          4
 Death Channel            Necr           33%        N/A       2%          6
 Beastly Appendage        Tmut           32%        N/A       3%          1
 Slow                     Hex            64%        N/A       3%          1
 Ensorcelled Hibernation  Hex/Ice        32%        N/A       4%          2
 Scorch                   Fire           32%        2d6       4%          2
 Lee's Rapid Deconstruct  Erth           26%        3d15*     4%          5
 Corpse Rot               Necr/Pois/Air  36%        N/A       5%          4
 Ignite Poison            Fire/Tmut/Pois 16%        N/A       9%          3
 Inner Flame              Hex/Fire       16%        N/A       9%          3
 Swiftness                Air            16%        N/A       9%          3
 Conjure Ball Lightning   Conj/Air       23%        3x3d6     28%         6
 Starburst                Conj/Fire      23%        6d8       28%         6
 Summon Cactus Giant      Summ           15%        N/A       67%         6
 Eringya's Noxious Bog    Tmut/Pois      8%         N/A       97%         6
 Spellforged Servitor     Conj/Summ      26%        N/A       58%         7
 Summon Hydra             Summ           15%        N/A       99%         7
 Storm Form               Tmut/Air       8%         N/A       100%        7


Dungeon Overview and Level Annotations

Branches:
Dungeon (14/15)            Temple (0/1) D:5            Lair (6/6) D:9
  Swamp (0/4) Lair:4       Spider (4/4) Lair:2        Slime (5/5) Lair:5
    Orc (2/2) D:12            Elf (0/3) Orc:2        Vaults (0/5) D:13
  Sewer (visited)

Altars:
Cheibriados
Makhleb
Qazlal
Vehumet
Wu Jian
Xom
Yredelemnul
Jiyva

Shops:
D:8 (   D:13 =   D:14 (   Orc:1 [   Orc:2 *(!?*?(

Annotations:
Slime:5 Royal Jelly


Innate Abilities, Weirdness & Mutations

You are mostly covered in slimy green scales. (AC +3)
Your demonic aura often causes spilled blood to erupt in flames.
You regenerate health from kills.
Your touch may inflict irresistible damage on your foes.
You have a pair of small horns on your head.
You have razor-sharp toenails.
You are agile. (Dex +4, Str/Int -1)
You possess an exceptional clarity of mind.
Your flesh is almost immune to the effects of heat. (rF+++)
You are strong-willed. (Will+)
You are somewhat resistant to further mutation.
Your muscles are strong. (Str +4, Int/Dex -1)
Your spells are a little harder to cast, but a little more powerful.
You have acidic saliva.
Your translucent skin slightly reduces your foes' accuracy. (Stealth+)
You are covered in slimy tendrils that may disarm your opponents.
You have a small jelly attached to you that senses nearby items.


Message History

You feel dopey. Something closely misses you.
A wolf spider comes into view.
Your orb spider zombie bites the wolf spider!
The wolf spider hits your orb spider zombie!
Your orb spider zombie is destroyed!
Your larval shocksting beast completely misses the demonic crawler.
The spark wasp barely misses you. Something hits you! Something hits you.
You feel dopey.
Something stings you but does no damage.
A redback comes into view.
Unknown command.
A red film seems to cover your vision as you go berserk!
You feel yourself moving faster!
You feel mighty! The spark wasp barely misses you.
You feel you are being watched by something.
You feel your power leaking away. Something hits you but does no damage.
Something hits you. Something stings you! You block the wolf spider's attack.
The wolf spider bites you but does no damage.
The spark wasp stings you!!
* * * LOW HITPOINT WARNING * * *
The spark wasp shocks you. You resist.
* * * LOW HITPOINT WARNING * * *
Unknown command.
You miss something. You claw something! Your headbutt misses something.
You hit the spark wasp. You freeze the spark wasp. You slice the wolf spider!!
You freeze the wolf spider.
You kill the wolf spider!
The spark wasp stings you.
* * * LOW HITPOINT WARNING * * *
The spark wasp shocks you. You resist.
* * * LOW HITPOINT WARNING * * *
Something hits you!!
* * * LOW HITPOINT WARNING * * *
Something hits you!
* * * LOW HITPOINT WARNING * * *
You feel dopey. Something stings you!
You die...

,,^,*
##....≈#^.....#^^....#
,,***
#.....^..............# ***
##^.....^....^≈.......#
,^*
#.....≈#^.....#...†..≈#*
,**
#......#......#^.....≈≈#
,,*
#^....≈#....^.#≈..^..^.#
,**
#.^...≈#^..†..#≈...#####
,^*
####...#^.....#^^###,,,*
,^*
**^,##^.#..☼@☼.#^##^^,,,*
***
*,,,^##.#≈.{y.(##*^,,,^,*
*^,,,,####.Hs.^#*,,,,,,,**
*,,,,∆,,*#≈#s#s.#^^,,,,,^*
*^,,,,,,,#..ss..#*^,,,,,,*
*,,,,,,,,#^sws.s≈#,,,,,,,*
*,,,,,^,,#≈......#*,^,,,≈*
*^,,,^,,,#^..(..^≈*,,,^,^*
**,,,,,,,#^.......*^,,,,,*


You could see a spark wasp, a torpor snail, a demonic crawler (ally target), 3
wolf spiders, 4 redbacks and a friendly larval shocksting beast (summoned,
slow).

Vanquished Creatures
  Arachne (Spider:2)
  The ghost of magipi the Cleaver, a journeyman MeBe of Trog (Lair:5)
  An entropy weaver (Spider:1)
  3 dire elephants (Lair:6)
  A spark wasp (Spider:3)
  An ettin (Orc:1)
  4 hydras
  A jorogumo (Spider:3)
  4 boulder beetles
  2 centaur warriors
  A catoblepas (D:14)
  4 two-headed ogres
  A tengu warrior (D:14)
  9 death yaks
  A spectral dire elephant (Lair:6)
  The ghost of PaleRider the Destroyer, a journeyman DECj of Vehumet (D:10)
  4 orc high priests (Orc:2)
  A deep elf knight (D:14)
  2 spectral death yaks (Lair:6)
  4 pharaoh ants
  A sun moth (Spider:3)
  6 orb spiders
  A steelbarb worm (Spider:1)
  An obsidian statue (Lair:6)
  2 wizards
  An orc knight (Orc:1)
  3 deep elf pyromancers
  A deep elf zephyrmancer (D:14)
  3 wolf spider zombies
  3 necromancers (Lair:6)
  7 wolf spiders
  2 moths of wrath (Spider:2)
  3 orc sorcerers
  5 ugly things
  A cyclops (Orc:2)
  6 black mambas
  19 elephants
  2 manticores
  A dire elephant zombie (Lair:6)
  3 torpor snails
  A guardian serpent (shapeshifter) (D:14)
  A rime drake (Lair:3)
  An unseen horror (D:11)
  7 cane toads
  2 redback zombies
  A freezing wraith (D:14)
  A kobold demonologist (D:13)
  3 demonic crawlers
  3 efreet (D:14)
  A death yak zombie (Lair:6)
  3 komodo dragons
  4 polar bears
  2 tengu conjurers (D:14)
  4 trolls
  8 tarantellas
  2 blink frogs (Lair:4)
  A tarantella zombie (Spider:4)
  3 dream sheep (Lair:6)
  11 culicivoras
  A culicivora zombie (Spider:4)
  2 spectral elephants (Lair:6)
  12 jumping spiders
  3 shadows
  5 wyverns
  2 wraiths
  5 basilisks
  31 yaks
  14 redbacks
  2 neqoxecs (D:10)
  6 wargs
  2 death yak simulacra (Lair:6)
  15 vampire mosquitoes
  A human zombie (Lair:6)
  A cane toad zombie (Lair:6)
  4 acid dragons
  Duvessa (D:5)
  9 water moccasins
  24 orc warriors
  10 ogres
  4 black bears
  5 centaurs
  2 elephant zombies (Lair:5)
  12 wolves
  A phantom (D:5)
  2 elephant skeletons (Lair:6)
  A vampire mosquito zombie (Lair:4)
  A kobold brigand (D:6)
  11 bullfrogs
  2 scorpions
  A water moccasin zombie (Lair:1)
  Dowan (D:5)
  A warg zombie (Orc:1)
  A tengu zombie (D:14)
  6 yak zombies
  6 killer bees
  4 electric eels
  3 wolf zombies (Lair:6)
  5 crimson imps (D:7)
  2 hounds (D:5)
  A centaur zombie (D:14)
  4 quasits (D:10)
  3 jellies
  18 orc priests
  5 iguanas
  32 orc wizards
  An acid dragon zombie (D:12)
  An ogre zombie (D:11)
  7 adders
  A river rat (Sewer)
  A shadow imp (D:6)
  3 white imps (D:7)
  An ufetubus (D:6)
  13 orc zombies
  52 orcs
  10 endoplasms
  8 giant cockroaches
  7 goblins
  3 hobgoblins
  6 kobolds
  9 quokkas
  8 ball pythons
  5 bats
  2 frilled lizards (Sewer)
  3 rats
602 creatures vanquished.

Vanquished Creatures (collateral kills)
  The ghost of Nacwyfagh the Slayer, an adept MiFi of Okawaru (Spider:2)
  An ironbound preserver (D:13)
  3 dire elephants (Lair:6)
  Josephine (Spider:1)
  Fannar (D:10)
  A boulder beetle (Spider:1)
  2 hydras (Lair:5)
  A two-headed ogre (D:8)
  A radroach (Spider:3)
  A jorogumo (Spider:4)
  A death yak (Lair:5)
  A spectral anaconda (Lair:6)
  Lodul (D:11)
  A pharaoh ant (Spider:2)
  A sun moth (Spider:4)
  2 steelbarb worms (Spider:1)
  An orb spider (Spider:3)
  A deep elf pyromancer (D:13)
  5 wolf spiders
  2 ugly things
  A manticore (D:13)
  5 elephants
  2 black mambas
  4 cane toads
  A gargoyle (D:12)
  A torpor snail (Lair:5)
  An unseen horror (D:12)
  4 komodo dragons
  A demonic crawler (Spider:3)
  A death yak zombie (Lair:5)
  3 spectral elephants (Lair:6)
  A polar bear (Lair:6)
  5 tarantellas
  A blink frog (Lair:4)
  4 dream sheep (Lair:6)
  9 jumping spiders
  5 culicivoras
  12 yaks
  5 wraiths
  2 basilisks
  5 vampire mosquitoes
  9 redbacks
  A death yak simulacrum (Lair:6)
  A warg (Orc:1)
  2 ogres
  3 wolves (Lair:1)
  A rime drake zombie (Lair:3)
  2 bullfrogs
  A killer bee (D:9)
  A jelly (Lair:3)
  An electric eel (Lair:5)
  5 orc priests
  An adder (D:6)
  9 orcs
  3 endoplasms (Sewer)
  A giant cockroach (Sewer)
  A goblin (D:4)
  A frilled lizard (Sewer)
  A kobold (D:6)
  A bush (Lair:6)
  A butterfly (Lair:1)
148 creatures vanquished.

Vanquished Creatures (others)
  A boulder beetle (D:13)
  A centaur warrior (D:13)
  3 wolf spider zombies
  2 death yak zombies (Lair:6)
  An orb spider zombie (Spider:4)
  4 hydra zombies
  A demonic crawler zombie (Spider:1)
  8 redback zombies
  A sun moth zombie (Spider:3)
  2 tarantellas (Spider:2)
  5 jumping spider zombies
  4 slime creatures (D:13)
  5 culicivora zombies
  2 black mamba zombies
  4 tarantella zombies
  A shadow (D:9)
  A wyvern (D:9)
  A tengu zombie (D:14)
  A water moccasin (Lair:4)
  A two-headed ogre zombie (D:9)
  2 cane toad zombies
  An orc warrior (Orc:1)
  3 elephant zombies (Lair:5)
  A wolf (Lair:2)
  A centaur (D:7)
  A torpor snail zombie (Lair:3)
  8 vampire mosquito zombies
  A bullfrog (Lair:2)
  A kobold brigand (D:9)
  A wyvern zombie (Lair:6)
  2 scorpions (D:7)
  2 water moccasin zombies
  A troll zombie (D:11)
  3 killer bees (D:8)
  16 yak zombies
  A polar bear zombie (Lair:6)
  2 howler monkeys (D:8)
  38 jellies
  3 wolf zombies (Lair:6)
  3 crimson imps (D:7)
  A bullfrog zombie (D:7)
  3 centaur zombies
  3 orc wizards
  7 ogre zombies
  An adder (D:4)
  A shadow imp (D:7)
  2 white imps
  6 orcs
  A hobgoblin (D:3)
  A ball python (D:4)
  A bat (D:3)
  A frilled lizard (D:3)
  5 kobolds
  17 orc zombies
  A butterfly (Lair:1)
  30 fulminant prisms
  71 fungi
  128 plants
  24 withered plants (Lair:6)
444 creatures vanquished.

Grand Total: 1194 creatures vanquished

Notes
Turn   | Place    | Note
-------+----------+-------------------------------------------
     0 | D:1      | Turgor the Demonspawn Necromancer began the quest for the
                  | Orb.
     0 | D:1      | Reached XP level 1. HP: 13/13 MP: 3/3
   318 | D:1      | Gained mutation: Your demonic aura sometimes causes spilled
                  | blood to erupt in flames. [demonic ancestry]
   318 | D:1      | Reached XP level 2. HP: 17/19 MP: 5/5
  1071 | D:1      | Learned a level 1 spell: Magic Dart
  1316 | D:2      | Found a shimmering altar of Xom.
  1433 | D:2      | Reached XP level 3. HP: 21/25 MP: 6/6
  2345 | D:3      | Reached skill level 1 in Conjurations
  2368 | D:3      | Found a glowing drain.
  2372 | Sewer    | Entered a sewer
  2435 | Sewer    | Reached skill level 1 in Fighting
  2445 | Sewer    | Gained mutation: Your touch may inflict minor irresistible
                  | damage on your foes. [demonic ancestry]
  2445 | Sewer    | Reached XP level 4. HP: 32/32 MP: 4/8
  2613 | Sewer    | Reached skill level 5 in Necromancy
  2707 | Sewer    | Reached skill level 3 in Spellcasting
  2708 | Sewer    | Gained mutation: You are partially covered in slimy green
                  | scales. (AC +2) [demonic ancestry]
  2708 | Sewer    | Reached XP level 5. HP: 27/37 MP: 3/9
  2710 | Sewer    | Found a viscous altar of Jiyva.
  2806 | Sewer    | Became a worshipper of Jiyva Jagij the Shapeless
  3249 | D:3      | Reached * piety under Jiyva
  3374 | D:4      | Reached skill level 1 in Axes
  3572 | D:4      | Reached ** piety under Jiyva
  3769 | D:4      | Found a burning altar of Makhleb.
  3770 | D:4      | Found a snail-covered altar of Cheibriados.
  4174 | D:5      | Entered Level 5 of the Dungeon
  4174 | D:5      | Noticed a phantom
  4180 | D:4      | Learned a level 2 spell: Searing Ray
  4184 | D:4      | Learned a level 3 spell: Vampiric Draining
  4188 | D:5      | Noticed a black bear
  4191 | D:5      | Killed a phantom
  4191 | D:5      | Noticed a black bear
  4192 | D:5      | Reached XP level 6. HP: 42/44 MP: 4/11
  4337 | D:5      | Noticed a water moccasin
  4350 | D:5      | Killed a water moccasin
  4351 | D:5      | Reached skill level 4 in Spellcasting
  4351 | D:5      | Gained mutation: You are mostly covered in slimy green
                  | scales. (AC +3) [demonic ancestry]
  4351 | D:5      | Reached XP level 7. HP: 51/51 MP: 7/13
  4369 | D:5      | Noticed Duvessa
  4447 | D:5      | Reached *** piety under Jiyva
  4450 | D:5      | Found a staircase to the Ecumenical Temple.
  4842 | D:5      | Noticed Dowan
  5028 | D:5      | Killed Dowan
  5081 | D:5      | Killed Duvessa
  5082 | D:5      | Gained mutation: You regenerate a little health from kills.
                  | [demonic ancestry]
  5082 | D:5      | Reached XP level 8. HP: 47/58 MP: 10/15
  5144 | D:6      | Gained mutation: You are strong-willed. (Will+) [Jiyva's
                  | grace]
  5144 | D:6      | Gained mutation: You are highly strong-willed. (Will++)
                  | [Jiyva's grace]
  5144 | D:6      | Gained mutation: You are extremely strong-willed. (Will+++)
                  | [Jiyva's grace]
  5144 | D:6      | Gained mutation: You have a pair of small horns on your
                  | head. [Jiyva's grace]
  5367 | D:6      | Learned a level 4 spell: Animate Dead
  5372 | D:6      | Learned a level 4 spell: Fulminant Prism
  5416 | D:6      | Reached skill level 5 in Spellcasting
  5709 | D:6      | Reached **** piety under Jiyva
  5897 | D:7      | Reached skill level 5 in Conjurations
  6487 | D:7      | Reached ***** piety under Jiyva
  6623 | D:8      | Reached skill level 6 in Spellcasting
  6726 | D:8      | Found Lenuh's Antique Weapon Emporium.
  6726 | D:8      | Gained mutation: Your translucent skin slightly reduces
                  | your foes' accuracy. (Stealth+) [Jiyva's grace]
  6726 | D:8      | Gained mutation: Your translucent skin reduces your foes'
                  | accuracy. (Stealth+) [Jiyva's grace]
  6726 | D:8      | Gained mutation: Your transparent skin significantly
                  | reduces your foes' accuracy. (Stealth+) [Jiyva's grace]
  6726 | D:8      | Gained mutation: Armour fits poorly on your pseudopods.
                  | [Jiyva's grace]
  6752 | D:8      | Learned a level 4 spell: Iskenderun's Mystic Blast
  6772 | D:8      | Noticed a two-headed ogre
  6779 | D:8      | Killed a two-headed ogre
  6780 | D:8      | Gained mutation: You regenerate health from kills. [demonic
                  | ancestry]
  6780 | D:8      | Reached XP level 9. HP: 51/66 MP: 10/18
  6792 | D:8      | Found an ornate altar of the Wu Jian Council.
  6839 | D:8      | Found a basalt altar of Yredelemnul.
  7488 | D:9      | Noticed a troll
  7515 | D:9      | Killed a troll
  7559 | D:9      | Noticed a two-headed ogre
  7572 | D:9      | Killed a two-headed ogre
  7573 | D:9      | Reached skill level 5 in Fighting
  7573 | D:9      | Reached skill level 7 in Spellcasting
  7618 | D:9      | Found a stormy altar of Qazlal.
  7652 | D:9      | HP: 4/102 [killer bee (6)]
  7653 | D:9      | Reached XP level 10. HP: 4/74 MP: 21/21
  7919 | D:9      | Found a staircase to the Lair.
  8086 | D:10     | Entered Level 10 of the Dungeon
  8247 | D:10     | Found a transporter.
  8251 | D:10     | Noticed PaleRider's ghost (journeyman DECj)
  8271 | D:10     | Reached ****** piety under Jiyva
  8340 | D:10     | Lost mutation: You are extremely strong-willed. (Will+++)
                  | [Jiyva's grace]
  8340 | D:10     | Lost mutation: Armour fits poorly on your pseudopods.
                  | [Jiyva's grace]
  8340 | D:10     | Gained mutation: You are robust. (+10% HP) [Jiyva's grace]
  8340 | D:10     | Gained mutation: You are very robust. (+20% HP) [Jiyva's
                  | grace]
  8340 | D:10     | Gained mutation: You are extremely robust. (+30% HP)
                  | [Jiyva's grace]
  8340 | D:10     | Gained mutation: You possess an exceptional clarity of
                  | mind. [Jiyva's grace]
  8362 | D:10     | Noticed a wizard
  8371 | D:10     | Killed a wizard
  8372 | D:10     | Reached skill level 5 in Axes
  8372 | D:10     | Reached skill level 8 in Spellcasting
  8400 | D:10     | Found a transporter.
  8408 | D:10     | Noticed Fannar
  8419 | D:10     | Killed Fannar
  8509 | D:10     | Noticed a green ugly thing
  8517 | D:10     | Killed a green ugly thing
  8559 | D:10     | Found a radiant altar of Vehumet.
  8730 | D:10     | Killed PaleRider's ghost
  8783 | D:11     | Learned a level 2 spell: Blink
  8789 | D:11     | Learned a level 5 spell: Borgnjor's Vile Clutch
  8819 | D:11     | You fall into a shaft and drop 1 floor!
  8833 | D:12     | Found a staircase to the Orcish Mines.
  8961 | D:11     | Noticed a two-headed ogre
  8972 | D:11     | Reached XP level 11. HP: 55/105 MP: 13/23
  8972 | D:11     | Noticed Lodul
  8980 | D:11     | Killed a two-headed ogre
  8993 | D:11     | Killed Lodul
  8997 | D:11     | Reached skill level 9 in Spellcasting
  9205 | D:11     | Noticed a two-headed ogre
  9226 | D:11     | Your ally Lodul died
  9230 | D:11     | Killed a two-headed ogre
  9640 | Lair:1   | Entered Level 1 of the Lair of Beasts
  9969 | Lair:1   | Reached skill level 10 in Conjurations
 10031 | Lair:1   | Lost mutation: You are extremely robust. (+30% HP) [Jiyva's
                  | grace]
 10031 | Lair:1   | Lost mutation: You are very robust. (+20% HP) [Jiyva's
                  | grace]
 10031 | Lair:1   | Lost mutation: Your transparent skin significantly reduces
                  | your foes' accuracy. (Stealth+) [Jiyva's grace]
 10031 | Lair:1   | Gained mutation: Your spells are a little harder to cast,
                  | but a little more powerful. [Jiyva's grace]
 10031 | Lair:1   | Gained mutation: Your spells are harder to cast, but more
                  | powerful. [Jiyva's grace]
 10031 | Lair:1   | Gained mutation: Your spells are much harder to cast, but
                  | much more powerful. [Jiyva's grace]
 10031 | Lair:1   | Gained mutation: You have a pair of horns on your head.
                  | [Jiyva's grace]
 10702 | Lair:2   | Noticed a boulder beetle
 10715 | Lair:2   | Killed a boulder beetle
 10716 | Lair:2   | Reached skill level 10 in Necromancy
 10962 | Lair:2   | Reached XP level 12. HP: 95/100 MP: 20/25
 10997 | Lair:2   | Reached skill level 10 in Spellcasting
 11086 | Lair:2   | Found a hole to the Spider Nest.
 11527 | Lair:2   | Identified the +1 ring mail of Hairiness {Will- Str+3
                  | Stlth+}
 11673 | Lair:3   | Identified the +7 trident of the Grave {speed, Will- Str+8
                  | Int-3 Dex+3}
 11785 | Lair:3   | Lost mutation: You have a pair of horns on your head.
                  | [Jiyva's grace]
 11785 | Lair:3   | Lost mutation: You possess an exceptional clarity of mind.
                  | [Jiyva's grace]
 11785 | Lair:3   | Lost mutation: You are highly strong-willed. (Will++)
                  | [Jiyva's grace]
 11785 | Lair:3   | Gained mutation: You have acidic saliva. [Jiyva's grace]
 11785 | Lair:3   | Gained mutation: You are covered in slimy tendrils that may
                  | disarm your opponents. [Jiyva's grace]
 11785 | Lair:3   | Gained mutation: Your muscles are strong. (Str +4, Int/Dex
                  | -1) [Jiyva's grace]
 11785 | Lair:3   | Gained mutation: Your muscles are very strong. (Str +8,
                  | Int/Dex -2) [Jiyva's grace]
 11834 | Lair:3   | Was placed under penance by Jiyva
 11882 | Lair:3   | Learned a level 2 spell: Poisonous Vapours
 11893 | Lair:3   | Was forgiven by Jiyva
 12198 | Lair:4   | Reached skill level 1 in Earth Magic
 12246 | Lair:4   | Found a staircase to the Swamp.
 12388 | Lair:4   | Noticed an eight-headed hydra
 12421 | Lair:4   | Killed an eight-headed hydra
 12522 | Lair:4   | Reached skill level 11 in Spellcasting
 12604 | Lair:4   | Gained mutation: Your demonic aura often causes spilled
                  | blood to erupt in flames. [demonic ancestry]
 12604 | Lair:4   | Reached XP level 13. HP: 76/107 MP: 20/28
 12649 | Lair:4   | Identified the +0 scale mail "Qoanaireso" {MP+9}
 13041 | Lair:5   | Found a runed translucent door.
 13041 | Lair:5   | Found a viscous altar of Jiyva.
 13041 | Lair:5   | Found a staircase to the Slime Pits.
 13176 | Lair:5   | Learned a level 1 spell: Apportation
 13195 | Lair:5   | Lost mutation: Your translucent skin reduces your foes'
                  | accuracy. (Stealth+) [Jiyva's grace]
 13195 | Lair:5   | Gained mutation: You have sharp toenails. [Jiyva's grace]
 13195 | Lair:5   | Gained mutation: You have razor-sharp toenails. [Jiyva's
                  | grace]
 13195 | Lair:5   | Gained mutation: You have claws for feet. [Jiyva's grace]
 13195 | Lair:5   | Gained mutation: You possess an exceptional clarity of
                  | mind. [Jiyva's grace]
 13249 | Lair:5   | Found a runed translucent gate.
 13249 | Lair:5   | Found a runed translucent gate.
 13249 | Lair:5   | Found a runed translucent gate.
 13250 | Lair:5   | Noticed magipi's ghost (journeyman MeBe)
 13302 | Lair:5   | Killed magipi's ghost
 13303 | Lair:5   | Reached skill level 1 in Translocations
 13787 | Lair:5   | Identified a scroll of acquirement
 14028 | Lair:6   | Entered Level 6 of the Lair of Beasts
 14036 | Lair:6   | Reached skill level 5 in Earth Magic
 14183 | Lair:6   | Reached skill level 12 in Spellcasting
 14381 | Lair:6   | Gained mutation: Your touch may inflict irresistible damage
                  | on your foes. [demonic ancestry]
 14381 | Lair:6   | Reached XP level 14. HP: 118/118 MP: 23/30
 15047 | Lair:6   | Lost mutation: You have claws for feet. [Jiyva's grace]
 15047 | Lair:6   | Lost mutation: Your muscles are very strong. (Str +8,
                  | Int/Dex -2) [Jiyva's grace]
 15047 | Lair:6   | Lost mutation: Your spells are much harder to cast, but
                  | much more powerful. [Jiyva's grace]
 15047 | Lair:6   | Lost mutation: You are covered in slimy tendrils that may
                  | disarm your opponents. [Jiyva's grace]
 15047 | Lair:6   | Gained mutation: You are agile. (Dex +4, Str/Int -1)
                  | [Jiyva's grace]
 15047 | Lair:6   | Gained mutation: You are very agile. (Dex +8, Str/Int -2)
                  | [Jiyva's grace]
 15047 | Lair:6   | Gained mutation: You have an increased reservoir of magic.
                  | (+10% MP) [Jiyva's grace]
 15047 | Lair:6   | Gained mutation: You have a considerably increased
                  | reservoir of magic. (+20% MP) [Jiyva's grace]
 15203 | Lair:6   | Identified the +2 robe of the Devil's Advocate {rElec rN++
                  | Regen+ Dex+3}
 15243 | Lair:6   | Reached skill level 13 in Spellcasting
 15381 | Lair:6   | Reached skill level 10 in Fighting
 15590 | Slime:1  | Entered Level 1 of the Pits of Slime
 15600 | Slime:2  | Noticed a rockslime
 15618 | Slime:4  | Noticed an acid blob
 15622 | Slime:4  | Noticed an acid blob
 15623 | Slime:5  | Entered Level 5 of the Pits of Slime
 15623 | Slime:5  | Noticed an acid blob
 15623 | Slime:5  | Noticed an azure jelly
 15623 | Slime:5  | Noticed an acid blob
 15638 | Slime:5  | Found a viscous altar of Jiyva.
 15638 | Slime:5  | Noticed an acid blob
 15639 | Slime:5  | Noticed an acid blob
 15639 | Slime:5  | Noticed a quicksilver ooze
 15639 | Slime:5  | Noticed a rockslime
 15640 | Slime:5  | Noticed an acid blob
 15640 | Slime:5  | Noticed the Royal Jelly
 15644 | Slime:5  | Noticed a rockslime
 15646 | Slime:5  | Got Sif Muna's Grimoire of Charming Moulding
 15647 | Slime:5  | Noticed an acid blob
 15648 | Slime:5  | Noticed an acid blob
 15655 | Slime:5  | Identified the +5 mace "Trog's Brutal Revenge" {vorpal, rF-
                  | Str+3 Dex+6}
 15657 | Slime:5  | Got the Exposition on Tainted Blows and Bruises
 15665 | Slime:5  | Identified the ring "Baneg" {rC+ Dex+6}
 15677 | Slime:5  | Got a slimy rune of Zot
 15705 | Slime:3  | Noticed an acid blob
 15711 | Slime:3  | Noticed a quicksilver ooze
 15723 | Slime:2  | Noticed an acid blob
 15725 | Slime:1  | Noticed a quicksilver ooze
 15726 | Slime:1  | Noticed an acid blob
 16324 | Orc:1    | Entered Level 1 of the Orcish Mines
 16326 | Orc:1    | Found Ukeysh's Antique Armour Shoppe.
 17017 | Orc:2    | Entered Level 2 of the Orcish Mines
 17017 | Orc:2    | Found Pexzof's Weapon Boutique.
 17043 | Orc:2    | Bought a +2 broad axe of freezing for 268 gold pieces
 17098 | Orc:2    | Reached skill level 1 in Armour
 17139 | Orc:2    | Found Xonwumic's Magic Scroll Emporium.
 17139 | Orc:2    | Found Seblasod's General Store.
 17143 | Orc:2    | Found Dympups's Distillery.
 17167 | Orc:2    | Found a staircase to the Elven Halls.
 17227 | Orc:2    | Found Beodgh's Magic Scroll Shoppe.
 17268 | Orc:2    | Bought a scroll of teleportation for 33 gold pieces
 17268 | Orc:2    | Bought a scroll of enchant weapon for 82 gold pieces
 17268 | Orc:2    | Bought a scroll of enchant weapon for 82 gold pieces
 17272 | Orc:2    | Bought a potion of brilliance for 68 gold pieces
 17347 | Orc:2    | Found Tefa's Antique Weapon Shop.
 17389 | Orc:2    | Found Teseps's General Store.
 17808 | D:13     | Reached XP level 15. HP: 102/128 MP: 39/39
 17819 | D:13     | Lost mutation: You are very agile. (Dex +8, Str/Int -2)
                  | [Jiyva's grace]
 17819 | D:13     | Gained mutation: Your muscles are very strong. (Str +8,
                  | Int/Dex -2) [Jiyva's grace]
 17819 | D:13     | Gained mutation: Your translucent skin reduces your foes'
                  | accuracy. (Stealth+) [Jiyva's grace]
 17819 | D:13     | Gained mutation: Your transparent skin significantly
                  | reduces your foes' accuracy. (Stealth+) [Jiyva's grace]
 17819 | D:13     | Gained mutation: You have very sharp teeth. [Jiyva's grace]
 17821 | D:13     | Reached skill level 10 in Axes
 17821 | D:13     | Reached XP level 16. HP: 135/135 MP: 40/40
 17960 | D:13     | Found Cot Vesh's Jewellery Emporium.
 17965 | D:13     | Bought an amulet of reflection for 510 gold pieces
 18140 | D:13     | Found a gate to the Vaults.
 18222 | D:13     | Upgraded the game from 0.29-a0-834-g1e95ca9f62 to
                  | 0.29-a0-841-g116ddc6ace
 18475 | D:14     | Found Lophu's Antique Weapon Emporium.
 18953 | D:14     | Reached skill level 14 in Spellcasting
 19244 | D:14     | Learned a level 5 spell: Manifold Assault
 19430 | Spider:1 | Entered Level 1 of the Spider Nest
 19712 | Spider:1 | Lost mutation: You have very sharp teeth. [Jiyva's grace]
 19712 | Spider:1 | Lost mutation: You have a considerably increased reservoir
                  | of magic. (+20% MP) [Jiyva's grace]
 19712 | Spider:1 | Lost mutation: You are robust. (+10% HP) [Jiyva's grace]
 19712 | Spider:1 | Lost mutation: Your spells are harder to cast, but more
                  | powerful. [Jiyva's grace]
 19712 | Spider:1 | Lost mutation: Your transparent skin significantly reduces
                  | your foes' accuracy. (Stealth+) [Jiyva's grace]
 19712 | Spider:1 | Gained mutation: You have a small jelly attached to you
                  | that senses nearby items. [Jiyva's grace]
 19712 | Spider:1 | Gained mutation: You are somewhat resistant to further
                  | mutation. [Jiyva's grace]
 19712 | Spider:1 | Gained mutation: You are somewhat resistant to both further
                  | mutation and mutation removal. [Jiyva's grace]
 19712 | Spider:1 | Gained mutation: You are almost entirely resistant to
                  | further mutation and mutation removal. [Jiyva's grace]
 19907 | Spider:1 | Noticed Josephine
 19913 | Spider:1 | Killed Josephine
 20395 | Spider:2 | Learned a level 5 spell: Summon Forest
 20511 | Spider:2 | Noticed Arachne
 20520 | Spider:2 | Killed Arachne
 20769 | Spider:2 | Reached skill level 1 in Summonings
 21001 | Spider:2 | Reached skill level 5 in Dodging
 21065 | Spider:2 | Found a large runed translucent door.
 21065 | Spider:2 | Found a large runed translucent door.
 21214 | Spider:2 | Noticed Nacwyfagh's ghost (adept MiFi)
 21231 | Spider:2 | Killed Nacwyfagh's ghost
 21444 | Spider:3 | Reached XP level 17. HP: 131/131 MP: 25/38
 21478 | Spider:3 | Identified the +0 scale mail of Greed {Str+3}
 21535 | Spider:3 | Identified the +7 spear of Inoatuy {flame, rPois Int+7}
 21586 | Spider:3 | Lost mutation: You have an increased reservoir of magic.
                  | (+10% MP) [Jiyva's grace]
 21586 | Spider:3 | Lost mutation: You are almost entirely resistant to further
                  | mutation and mutation removal. [Jiyva's grace]
 21586 | Spider:3 | Lost mutation: You are somewhat resistant to both further
                  | mutation and mutation removal. [Jiyva's grace]
 21586 | Spider:3 | Lost mutation: Your muscles are very strong. (Str +8,
                  | Int/Dex -2) [Jiyva's grace]
 21586 | Spider:3 | Lost mutation: Your translucent skin reduces your foes'
                  | accuracy. (Stealth+) [Jiyva's grace]
 21586 | Spider:3 | Gained mutation: Your flesh is heat resistant. (rF+)
                  | [Jiyva's grace]
 21586 | Spider:3 | Gained mutation: Your flesh is very heat resistant. (rF++)
                  | [Jiyva's grace]
 21586 | Spider:3 | Gained mutation: Your flesh is almost immune to the effects
                  | of heat. (rF+++) [Jiyva's grace]
 21586 | Spider:3 | Gained mutation: You are covered in slimy tendrils that may
                  | disarm your opponents. [Jiyva's grace]
 21831 | Spider:4 | Entered Level 4 of the Spider Nest
 21996 | Spider:4 | HP: 7/196 [something (14)]
 21996 | Spider:4 | Mangled by a ghost moth

Illustrated notes

Levels and vault maps discovered:
D:1:      nagdon_arrival_double_spiral, layout_loops_ring, minmay_pentomino_u2
D:2:      layout_loops_ring, basic_altar
D:3:      layout_basic, gup_sewer_entry_spiral
D:4:      layout_loops_corners, chequers_temple_overflow_statue_of_worship
D:5:      layout_basic, temple_pool_b, kennysheep_boxes, uniq_duvessa
D:6:      layout_loops_ring, minmay_misc_feat_ornament
D:7:      layout_basic, minmay_nine_imps
D:8:      layout_basic, mainiacjoe_overflow_six_doors_small,
          nicolae_wu_jian_immortal_techniques, serial_shops, shop,
          chequers_hall_statues_wall_a
D:9:      layout_long_grid, grunt_qazlal_clouds, lair_entry_dummy
D:10:     layout_irregular_city, mainiacjoe_overflow_small_starburst,
          gammafunk_ghost_stat_death, uniq_fannar
D:11:     layout_long_grid, uniq_lodul
D:12:     layout_cave_pools, orc_0_dummy
D:13:     layout_roguey, skrybe_vaults_entry_preservation, serial_shops,
          kennysheep_little_box
D:14:     layout_basic, serial_aquarium, aquarium_bridge_straight
          [aquarium_subvault_bridge, aquarium_subvault_wall,
          aquarium_subvault_bridge, aquarium_subvault_window],
          aquarium_window_corridor_2, aquarium_window_1, aquarium_window_fake,
          aquarium_window_fake, aquarium_view_2e, aquarium_view_2e,
          aquarium_balcony_double_4, aquarium_pool_four,
          hangedman_abyss_or_decor_passed, serial_shops,
          nicolae_take_the_stairs, nicolae_tso_swordbearing_angel
Lair:1:   layout_cave_pods, grunt_megastairs_3, infiniplex_staircase_pool,
          lemuel_fruit_fields
Lair:2:   layout_cave_pods, spider_nest_entry_rubble,
          eino_small_chamber_without_monster, gammafunk_lair_bear_cave
Lair:3:   layout_misc_corridors, serial_bayou_shore_b
Lair:4:   layout_roguey, minmay_swamp_entry_swarm
Lair:5:   layout_regular_city, slime_entry_2, serial_bayou,
          serial_bayou_shore_b, serial_bayou_pond_e, serial_bayou_pond_c,
          serial_bayou_pond_a, serial_bayou_pond_c, ebering_ghost_rock_garden,
          serial_bayou_shore_a, lemuel_fruit_tree
Lair:6:   due_jungle_book, layout_cave_pods
Spider:1: layout_cave_pods, uniq_josephine
Spider:2: layout_chambers, ebering_ghost_disaster_area,
          nicolae_spider_twisty_arc_passages, uniq_arachne
Spider:3: layout_spider_delve
Spider:4: grunt_spider_rune_parallel
Slime:1:  layout_caves
Slime:2:  layout_caves
Slime:3:  layout_caves
Slime:4:  layout_caves
Slime:5
Orc:1:    layout_caves, serial_shops, nicolae_shop_hallway_plus, basic_altar,
          nooodl_orcs_dogs
Orc:2:    st_orc_mages, layout_caves, serial_shops, shop, shop,
          nicolae_shop_trees

Skill      XL: |  1  2  3  4  5  6  7  8  9 10 11 12 13 14 15 16 17 |
---------------+----------------------------------------------------+-----
Stealth        | 2 |  2.0
Dodging        | 2 4 5 |  5.3
Conjurations   | 1 2 3 4 6 7 9 10 11 12 13 | 13.0
Fighting       | 1 2 3 4 5 6 7 8 9 10 11 | 11.2
Necromancy     | 5 6 7 8 10 11 12 | 12.8
Spellcasting   | 3 4 6 7 8 9 11 12 13 14 | 14.2
Axes           | 1 2 3 4 5 6 7 8 9 10 | 10.6
Earth Magic    | 3 6 7 |  7.8
Translocations | 3 4 |  4.9
Armour         | 1 3 4 |  4.6
Summonings     | 2 3 |  3.1

Action                   |  1- 3 |  4- 6 |  7- 9 | 10-12 | 13-15 | 16-18 || total
-------------------------+-------+-------+-------+-------+-------+-------++-------
Melee: War axe           |    53 |    20 |    26 |   145 |   201 |       ||   445
       Mace              |     5 |       |       |       |       |       ||     5
       Dagger            |     3 |       |       |       |       |       ||     3
       Touch             |       |     6 |     1 |    23 |    50 |    33 ||   113
       Headbutt          |       |       |     6 |    29 |    89 |    37 ||   161
       Pseudopods        |       |       |     2 |     1 |       |       ||     3
       Punch             |       |       |     1 |     1 |     2 |     3 ||     7
       Bite              |       |       |       |     6 |    52 |    20 ||    78
       Kick              |       |       |       |       |   131 |    73 ||   204
       Broad axe         |       |       |       |       |    66 |   159 ||   225
Throw: Dart              |       |       |     4 |     6 |       |       ||    10
 Cast: Necrotise         |    32 |    68 |    56 |     7 |     1 |       ||   164
       Magic Dart        |     4 |     4 |     9 |       |       |       ||    17
       Searing Ray       |       |     4 |    46 |    34 |     8 |     2 ||    94
       Animate Dead      |       |       |     5 |    11 |    16 |     8 ||    40
       Vampiric Draining |       |       |     1 |       |       |       ||     1
       Iskenderun's Myst |       |       |       |    10 |     6 |     2 ||    18
       Fulminant Prism   |       |       |       |     8 |    18 |     4 ||    30
       Borgnjor's Vile C |       |       |       |    60 |   102 |    76 ||   238
       Blink             |       |       |       |     3 |     3 |     1 ||     7
       Poisonous Vapours |       |       |       |       |     1 |    27 ||    28
       Manifold Assault  |       |       |       |       |       |     2 ||     2
       Apportation       |       |       |       |       |       |     1 ||     1
       Summon Forest     |       |       |       |       |       |     1 ||     1
Evoke: Wand              |       |       |       |    10 |     6 |     1 ||    17
       Box of beasts     |       |       |       |     1 |       |     1 ||     2
       Phial of floods   |       |       |       |       |     2 |     2 ||     4
  Use: Scroll            |       |     1 |    13 |     9 |    11 |     6 ||    40
       Potion            |       |     1 |     3 |     1 |     2 |     1 ||     8
 Stab: Sleeping          |     6 |     2 |       |     4 |       |     2 ||    14
       Distracted        |       |       |       |     1 |     6 |     9 ||    16
Armor: Robe              |    17 |    13 |    28 |    53 |    85 |    47 ||   243
Dodge: Dodged            |    50 |    18 |    84 |   138 |   144 |   144 ||   578
Block: Other             |       |       |       |       |       |    50 ||    50
       Reflection        |       |       |       |       |       |     1 ||     1

Table legend: (Time is in decaauts)
 A = Elapsed time spent in this place.
 B = Non-inter-level travel time spent in this place.
 C = Inter-level travel time spent in this place.
 D = Time resting spent in this place.
 E = Time spent auto-exploring this place.
 F = Levels seen in this place.
 G = Mean time per level.
                   A        B        C        D        E       F      G
               +--------+--------+--------+--------+--------+-----+--------+
         Total |  22241 |  21111 |   1130 |    591 |  12580 |  32 |  695.0 |
       Dungeon |  11510 |  10878 |    632 |    304 |   6894 |  14 |  822.1 |
          Lair |   6154 |   5799 |    355 |      0 |   3227 |   6 | 1025.7 |
   Spider Nest |   2584 |   2517 |     67 |     14 |   1787 |   4 |  646.0 |
    Slime Pits |    145 |    114 |     31 |      0 |      0 |   5 |   29.0 |
  Orcish Mines |   1279 |   1236 |     43 |      2 |    670 |   2 |  639.5 |
         Sewer |    567 |    567 |      0 |    271 |      0 |   1 |  567.0 |
               +--------+--------+--------+--------+--------+-----+--------+

Top non-repeatable levels by time:
  Lair:6: 1551 daAuts
     D:1: 1336 daAuts
Spider:2: 1148 daAuts
  Lair:2: 1135 daAuts
  Lair:5: 1047 daAuts
    D:14: 986 daAuts
  Lair:1: 970 daAuts
     D:4: 925 daAuts
  Lair:4: 908 daAuts
     D:5: 879 daAuts
     D:8: 867 daAuts
    D:11: 832 daAuts
     D:9: 811 daAuts
     D:6: 761 daAuts
     D:2: 757 daAuts
